 Dungeon Crawl Stone Soup version 0.28-a0-439-g4cf4cd4993 (webtiles) character file.

Game seed: 7953885565026648135

449 Astera the Stinger (level 7, -1/39 HPs)
             Began as a Tengu Venom Mage on Sept 11, 2021.
             Slain by an orc priest (4 damage)
             ... on level 2 of the Dungeon.
             The game lasted 00:37:01 (8113 turns).

Astera the Stinger (Tengu Venom Mage)               Turns: 8113, Time: 00:37:02

Health: -1/39      AC:  4    Str: 10    XL:     7   Next: 4%
Magic:  20/21      EV: 15    Int: 15    God:
Gold:   172        SH:  0    Dex: 15    Spells: 3/11 levels left

rFire   . . .      SeeInvis .   s - staff of conjuration
rCold   . . .      Faith    .   (no shield)
rNeg    . . .      Spirit   .   a - +0 robe
rPois   .          Reflect  .   (helmet restricted)
rElec   .          Harm     .   (no cloak)
rCorr   .          Rampage  .   k - +1 pair of gloves
Will    .....                   (boots unavailable)
Stlth   ++........              (no amulet)
HPRegen 0.13/turn               n - ring of magical power
MPRegen 0.17/turn               (no ring)

@: flying quickly and evasively, quick
A: beak, talons 3, nimble flight
a: no special abilities


You were on level 2 of the Dungeon.
You visited 1 branch of the dungeon, and saw 4 of its levels.

You collected 172 gold pieces.

Inventory:

Hand Weapons
 e - a +0 dagger of venom
 h - a +1 dagger of speed
Armour
 a - a +0 robe (worn)
 k - a +1 pair of gloves (worn)
Magical Staves
 s - a staff of conjuration (weapon)
Jewellery
 n - a ring of magical power (left hand)
Scrolls
 f - a scroll of amnesia {unknown}
 g - 2 scrolls of vulnerability {unknown}
 i - a scroll of enchant weapon {unknown}
 j - a scroll of fog {unknown}
 o - a scroll of enchant armour {unknown}
 p - a scroll of silence {unknown}
Potions
 b - 2 potions of might
 c - a potion of curing {unknown}
 d - a potion of invisibility
 l - a potion of attraction
 m - 3 potions of magic


   Skills:
 + Level 1.9 Fighting
 + Level 2.0 Staves
 + Level 2.0 Armour
 + Level 3.1 Dodging
 - Level 3.0 Stealth
 + Level 2.8 Spellcasting
 - Level 2.1 Conjurations
 - Level 0.7 Hexes
 - Level 1.3 Transmutations
 + Level 2.7 Air Magic
 + Level 3.9 Poison Magic
 + Level 0.4 Evocations


You had 3 spell levels left.
You knew the following spells:

 Your Spells              Type           Power      Damage    Failure   Level
a - Sting                 Tmut/Pois      36%        1d4       7%          1
b - Poisonous Vapours     Pois/Air       24%        N/A       8%          2
c - Slow                  Hex            4%         N/A       22%         2
d - Mephitic Cloud        Conj/Pois/Air  16%        N/A       19%         3

Your spell library contained the following spells:

 Spells                   Type           Power      Damage    Failure   Level
 Confusing Touch          Hex            4%         N/A       41%         3
 Vampiric Draining        Necr           1%         2d6       52%         3
 Olgreb's Toxic Radiance  Pois           13%        N/A       38%         4


Dungeon Overview and Level Annotations

Branches:
Dungeon (4/15)
 Temple: D:4-7

Altars:

Shops:
D:4 =


Innate Abilities, Weirdness & Mutations

You have a beak for a mouth.
You have claws for feet.
Your magical nature lets you fly swiftly and evasively.


Message History

Confirm with . or Enter, or press ? or * to list all spells.
Okay, then.
Okay, then.
Unknown command.
You barely miss the orc priest. The orc priest misses you.
Okay, then.
You closely miss the orc priest.
The orc priest hits you but does no damage.
You are too injured to fight recklessly!
Casting: Sting (safe; 7% risk of failure)
Confirm with . or Enter, or press ? or * to list all spells.
Aiming: Sting (safe; 7% risk of failure)
Press: ? - help, Shift-Dir - straight line, f - orc priest
Aim: an orc priest, wielding a +0 club and wearing a +0 leather armour (68% to hit)
The sting hits the orc priest but does no damage.
The orc priest is poisoned.
The orc priest closely misses you.
You hit the orc priest.
The orc priest is lightly wounded.
The orc priest misses you.
You closely miss the orc priest. You claw the orc priest.
You peck the orc priest, but do no damage.
The orc priest is heavily wounded.
The orc priest hits you with a +0 club.
* * * LOW HITPOINT WARNING * * *
You hit the orc priest but do no damage.
The orc priest is heavily wounded.
The orc priest hits you with a +0 club.
* * * LOW HITPOINT WARNING * * *
Casting: Sting (safe; 7% risk of failure)
Confirm with . or Enter, or press ? or * to list all spells.
Aiming: Sting (safe; 7% risk of failure)
Press: ? - help, Shift-Dir - straight line, f/p - orc priest
Aim: an orc priest, wielding a +0 club and wearing a +0 leather armour (heavily wounded, poisoned, 68% to hit)
The sting hits the orc priest.
The orc priest looks even sicker.
The orc priest is severely wounded.
The orc priest closely misses you.
You completely miss the orc priest.
The orc priest is severely wounded.
The orc priest hits you with a +0 club.
You die...

##### ############ #[...
#..........##########....
#.......)[..........'....
#......o@..........##....
#..........#.#####.##....
#..........#.# #..#....
############.# ##.#....
#.# #.#...)
######'######......
#..........###.####
####..........# #.#
#.....†.......# #.##


You could see an orc priest (very poisoned).

Vanquished Creatures
  A water moccasin zombie (D:3)
  An orc priest (D:3)
  A bullfrog skeleton (D:3)
  A jelly (D:3)
  2 orc wizards (D:2)
  2 adders (D:2)
  15 gnolls
  An adder skeleton (D:2)
  A worm (D:3)
  9 orcs
  5 bats
  2 bat skeletons (D:2)
  6 endoplasms
  3 giant cockroaches
  5 hobgoblins
  10 jackals
  6 kobolds
  A quokka (D:1)
  5 ball pythons
  A ball python skeleton (D:2)
  A frilled lizard (D:2)
  5 goblins
  A jackal skeleton (D:2)
  A quokka skeleton (D:2)
  7 rats
93 creatures vanquished.

Vanquished Creatures (others)
  4 fungi (D:4)
  A withered plant (D:2)
5 creatures vanquished.

Grand Total: 98 creatures vanquished

Notes
Turn   | Place    | Note
-------+----------+-------------------------------------------
     0 | D:1      | Astera the Tengu Venom Mage began the quest for the Orb.
     0 | D:1      | Reached XP level 1. HP: 10/10 MP: 4/4
    84 | D:1      | Reached XP level 2. HP: 9/15 MP: 1/6
   476 | D:1      | Reached skill level 1 in Transmutations
   851 | D:1      | Reached XP level 3. HP: 17/19 MP: 4/7
  1526 | D:1      | Reached skill level 1 in Air Magic
  2056 | D:2      | Reached skill level 1 in Conjurations
  2056 | D:2      | Reached XP level 4. HP: 8/24 MP: 5/8
  2449 | D:1      | Learned a level 2 spell: Poisonous Vapours
  3116 | D:2      | Reached skill level 1 in Fighting
  3116 | D:2      | Reached skill level 1 in Staves
  3116 | D:2      | Reached skill level 1 in Armour
  3333 | D:2      | Gained mutation: Your magical nature lets you fly swiftly
                  | and evasively. [Tengu growth]
  3333 | D:2      | Reached XP level 5. HP: 20/29 MP: 4/9
  4175 | D:3      | Learned a level 2 spell: Slow
  5176 | D:3      | Reached XP level 6. HP: 30/34 MP: 10/10
  6340 | D:3      | Learned a level 3 spell: Mephitic Cloud
  7319 | D:4      | Found Yjasapai's Jewellery Shoppe.
  7878 | D:2      | Reached XP level 7. HP: 23/39 MP: 12/12
  8113 | D:2      | Slain by an orc priest

Illustrated notes

Levels and vault maps discovered:
D:1:      dpeg_arrival_solitude, layout_basic
D:2:      layout_basic, serial_undead, serial_undead_d, serial_undead_a,
          serial_undead_b, serial_undead_e, minmay_domino_4
D:3:      layout_basic, minmay_between
D:4:      layout_basic, nicolae_overflow_crystal_walls, serial_shops, shop,
          serial_aquarium, aquarium_bridge_straight [aquarium_subvault_bridge,
          aquarium_subvault_balcony, aquarium_subvault_bridge,
          aquarium_subvault_wall], aquarium_window_fake, aquarium_window_1,
          aquarium_window_1, aquarium_view_2g, aquarium_view_2d, uniq_grinder,
          uniq_sigmund, uniq_crazy_yiuf_cottage, uniq_pikel

Skill      XL: |  1  2  3  4  5  6 |
---------------+-------------------+-----
Transmutations | 1 |  1.3
Air Magic      | 1 2 |  2.7
Conjurations   | 1 2 |  2.1
Fighting       | 1 |  1.9
Staves         | 1 2 |  2.0
Armour         | 1 2 |  2.0
Dodging        | 3 |  3.1
Stealth        | 3 |  3.0
Spellcasting   | |  2.8
Hexes          | |  0.7
Poison Magic   | |  3.9
Evocations     | |  0.4

Action                   |  1- 3 |  4- 6 |  7- 9 || total
-------------------------+-------+-------+-------++-------
Melee: Unarmed           |     7 |       |       ||     7
       Kick              |    12 |    25 |     1 ||    38
       Peck              |     4 |    17 |     1 ||    22
       Dagger            |    28 |   106 |       ||   134
       Staff             |       |    15 |     9 ||    24
 Cast: Sting             |    36 |    58 |     4 ||    98
       Poisonous Vapours |       |    51 |     1 ||    52
  Use: Scroll            |       |     5 |       ||     5
 Stab: Sleeping          |     3 |     4 |       ||     7
       Distracted        |     1 |       |       ||     1
Armor: Robe              |     8 |    24 |     2 ||    34
Dodge: Dodged            |    31 |    99 |     6 ||   136

Table legend: (Time is in decaauts)
 A = Elapsed time spent in this place.
 B = Non-inter-level travel time spent in this place.
 C = Inter-level travel time spent in this place.
 D = Time resting spent in this place.
 E = Time spent auto-exploring this place.
 F = Levels seen in this place.
 G = Mean time per level.
                   A        B        C        D        E       F      G
               +--------+--------+--------+--------+--------+-----+--------+
         Total |   7826 |   7600 |    226 |   3083 |   1721 |   4 | 1956.5 |
       Dungeon |   7826 |   7600 |    226 |   3083 |   1721 |   4 | 1956.5 |
               +--------+--------+--------+--------+--------+-----+--------+

Top non-repeatable levels by time:
     D:3: 3241 daAuts
     D:1: 2847 daAuts
     D:2: 1511 daAuts
     D:4: 226 daAuts
